[Event "50th La Roda Open 2024"]
[Site "La Roda"]
[Date "2024.03.28"]
[Round "3.2"]
[White "Xu, Xiangyu"]
[Black "Pomes Marcet, Joan"]
[Result "1-0"]
[ECO "A25"]
[WhiteElo "2623"]
[BlackElo "2235"]
[Annotator "TA"]
[PlyCount "83"]
[EventDate "2024.03.27"]
[EventType "swiss"]
[EventCountry "ESP"]
[SourceTitle "playchess.com"]
[Source "ChessBase"]
[SourceQuality "1"]
[TimeControl "5400+30"]

1. c4 e5 2. g3 Nc6 3. Bg2 d6 4. Nc3 Be6 5. Nf3 Nge7 6. b3 g6 7. d4 Bg4 8. Bg5 {[%emt 0:06:16] White is better.} (8. d5 {simplifies} Nb8 9. h3 Bxf3 10. Bxf3 Nd7 11. e4) 8... Bg7 {[%emt 0:01:09] Prevents Bf6} 9. Nd5 Bxf3 10. Bxf3 exd4 11. Nxe7 Nxe7 12. Bxb7 Rb8 13. Bc6+ {[%emt 0:00:08] A strong pair of Bishops.} Kf8 {[%emt 0:00:03] aiming for ...f6.} 14. Bf3 h6 15. Bd2 Qd7 16. Rb1 Nc6 17. Bg2 h5 18. h3 f5 19. O-O Re8 20. h4 Ne5 21. e3 Ng4 22. exd4 Bxd4 {[%emt 0:02:12] [#]} 23. Bh6+ $1 Rxh6 (23... Bg7 24. Bg5) 24. Qxd4 c5 25. Qd2 {[%emt 0:04:41] b4 is the strong threat.} Rh7 26. Rbd1 Re6 27. b4 {[%emt 0:00:16] Hoping for bxc5.} Qc7 (27... Nf6 $16 28. a3 Rg7) 28. b5 Rhe7 29. a4 Kg7 (29... Nf6 {is a better defense.} 30. a5 Ne4 31. Qh6+ Kg8) 30. a5 Kh7 (30... Nf6 {was called for.} 31. Rfe1 Ne4 32. Qb2+ Kh7) 31. Rfe1 $18 Ne5 $2 (31... Re5 32. Bd5 Kg7) 32. Bd5 {[%emt 0:00:33] White is clearly winning.} Rf6 33. f4 Ng4 {[%emt 0:03:05] [#]} 34. b6 $1 Qd8 (34... Rxe1+ 35. Rxe1) 35. Rxe7+ Qxe7 36. Re1 Qg7 37. Qb2 axb6 {[%emt 0:02:10] Black is weak on the light squares} 38. axb6 Rf8 39. Qxg7+ Kxg7 40. b7 Rb8 41. Re7+ Kh6 42. Bc6 {[%emt 0:01:38] Weighted Error Value: White=0.07 (flawless) /Black=0.36.  Mistake:       	---       	Black=4      Inaccurate:     	---       	Black=4      OK:         	White=15    	Black=7      Best:        	White=2     	Black=3} 1-0

[Event "50th La Roda Open 2024"]
[Site "La Roda"]
[Date "2024.03.28"]
[Round "3.3"]
[White "Iglesias Ferreira, Andres"]
[Black "Karthik Venkataraman"]
[Result "0-1"]
[ECO "C70"]
[WhiteElo "2234"]
[BlackElo "2609"]
[Annotator "TA"]
[PlyCount "46"]
[EventDate "2024.03.27"]
[EventType "swiss"]
[EventCountry "ESP"]
[SourceTitle "playchess.com"]
[Source "ChessBase"]
[SourceQuality "1"]
[TimeControl "5400+30"]

1. e4 e5 2. Nf3 Nc6 3. Bb5 a6 4. Ba4 Nge7 5. c3 Ng6 6. d4 exd4 7. cxd4 Bb4+ 8. Bd2 (8. Nc3 $16) 8... O-O $11 9. O-O Bxd2 10. Qxd2 d5 11. Bxc6 bxc6 12. e5 Bg4 {[%emt 0:05:16] [#] aiming for ...Bxf3.} 13. Qe3 Rb8 14. Rc1 Bxf3 (14... Rxb2 15. Nbd2 Qd7 16. h3 Bxf3 17. Nxf3 $17) 15. Qxf3 Qh4 16. Qe3 Rxb2 {[%emt 0:00:16] Black is more active.} 17. Rxc6 {[%emt 0:03:18] [#] White does not recover from this.} (17. g3 $15 Qg4 18. Nd2) 17... Ne7 $1 $19 18. g3 Qg4 19. Rxc7 (19. Rc1 {was the only chance.}) 19... Qd1+ (19... Nf5 20. Qd3 $19) 20. Kg2 Nf5 (20... Rxb1 $2 21. Rxb1 Qxb1 22. Rxe7 $18) 21. Qf4 Rxb1 22. Qxf5 $2 (22. Rxb1 Qxb1 23. h4) 22... Rxa1 23. e6 Qf1+ {[%emt 0:00:23] Weighted Error Value: White=0.93/Black=0.37.  Mistake:       	White=4     	---        Inaccurate:     	White=3     	Black=1      OK:         	White=3     	Black=8      Best:        	White=1     	Black=2      Strong:       	---       	Black=1} ({Inferior is} 23... Rxa2 24. exf7+ Kh8 25. Rc8 (25. Qxd5 $2 {too greedy.} Qd2 $19) (25. Qc8 Rxf2+ 26. Kxf2 Qxd4+ 27. Kg2 Qd2+ 28. Kg1 Qd4+ 29. Kg2 Qd2+ 30. Kh3 Qh6+ 31. Kg2 Qd2+ $11) (25. Qxd5 $2 Qe2 $19) (25. Qc8 Rxf2+ 26. Kxf2 Qxd4+ 27. Kg2 Qd2+ 28. Kh3 Qh6+ 29. Kg2 Qd2+ 30. Kh3 Qh6+ 31. Kg2 Qd2+ $11)) 0-1

[Event "50th La Roda Open 2024"]
[Site "La Roda"]
[Date "2024.03.28"]
[Round "3.4"]
[White "Pranav Vijay"]
[Black "Lopez Mijail, Nicolas"]
[Result "1/2-1/2"]
[ECO "B67"]
[WhiteElo "2252"]
[BlackElo "2231"]
[Annotator "RC"]
[PlyCount "169"]
[EventDate "2024.03.27"]
[EventType "swiss"]
[EventCountry "ESP"]
[SourceTitle "playchess.com"]
[Source "ChessBase"]
[SourceQuality "1"]
[TimeControl "5400+30"]

1. e4 c5 2. Nf3 d6 3. d4 cxd4 4. Nxd4 Nf6 5. Nc3 Nc6 6. Bg5 e6 7. Qd2 a6 8. O-O-O Bd7 9. Kb1 Be7 10. f3 Nxd4 11. Qxd4 Qc7 12. Bxf6 Bxf6 13. Qxd6 Qxd6 14. Rxd6 Bc6 15. Rd1 Ke7 16. Bd3 Be5 17. Ne2 g5 18. g3 Rad8 19. Rdf1 h6 20. h4 b5 21. a3 a5 22. hxg5 hxg5 23. Rxh8 Rxh8 24. f4 Bg7 25. b4 axb4 26. axb4 Ra8 27. c3 Rd8 28. Kc2 Ra8 29. Nc1 Rh8 30. Rf2 Rh1 31. Ne2 Ra1 32. Kd2 gxf4 33. gxf4 e5 34. fxe5 Bxe5 35. Nd4 Bd7 36. Bc2 f6 37. Bb3 Rb1 38. Kc2 Rh1 39. Bd5 Rh3 40. Rd2 Re3 41. Rd3 Rxd3 42. Kxd3 Kd6 43. Bf7 Bc6 44. Ke3 Kc7 45. Bh5 Kb6 46. Kd3 Kc7 47. Bf7 Kb6 48. Bd5 Bd7 49. Bf7 Bc6 50. Nf3 Bg3 51. Be6 Kc7 52. Nd2 Bd6 53. Nb3 Be5 54. Nd4 Kb6 55. Ke3 Kc7 56. Kf3 Kd6 57. Bh3 Be8 58. Bf1 Bc6 59. Ke3 Kc7 60. Bh3 Kd6 61. Kf3 Kc7 62. Bf1 Kb6 63. Bd3 Bd7 64. Be2 Kc7 65. Bd1 Kb6 66. Bb3 Kc7 67. Bf7 Bc6 68. Bg6 Bd7 69. Bf5 Be8 70. Kg4 Kd6 71. Bc8 Kc7 72. Be6 Kd6 73. Kf5 Bc6 74. Bc8 Kc7 75. Be6 Kd6 76. Bb3 Be8 77. Bd1 Bd7+ 78. Kg6 Be8+ 79. Kh7 Bd7 80. Bc2 Bf4 81. Kg7 Bd2 82. Ne2 Bg4 83. Nd4 Bd7 84. Ne2 Bg4 85. Nd4 1/2-1/2

[Event "50th La Roda Open 2024"]
[Site "La Roda"]
[Date "2024.03.28"]
[Round "3.5"]
[White "Iturrizaga Bonelli, Eduardo"]
[Black "Alvarez Serrano, Carlos"]
[Result "1-0"]
[ECO "E09"]
[WhiteElo "2588"]
[BlackElo "2230"]
[Annotator "TA"]
[PlyCount "79"]
[EventDate "2024.03.27"]
[EventType "swiss"]
[EventCountry "ESP"]
[SourceTitle "playchess.com"]
[Source "ChessBase"]
[SourceQuality "1"]
[TimeControl "5400+30"]

1. c4 Nf6 2. g3 e6 3. Bg2 d5 4. Nf3 Nbd7 5. Qc2 Be7 6. O-O O-O 7. d4 c6 8. Bf4 Nh5 9. Bc1 Nhf6 10. Nbd2 b6 11. e4 Bb7 12. Re1 Rc8 13. e5 Ne8 14. cxd5 cxd5 15. Qa4 Nc7 16. Bf1 (16. Qxa7 $2 {loses.} Ba6 17. h4 Ra8 $19) 16... a5 17. Bd3 {[%emt 0:01:00] The position is equal.} Ba6 18. Bb1 Na8 (18... Qe8 $11 {keeps the balance.}) 19. Qd1 Re8 20. h4 Nf8 21. Nf1 Bb4 22. Bd2 Qe7 ({Better is} 22... Bxd2 $14 23. Qxd2 Re7) 23. Ne3 $16 Rc6 24. a3 (24. Ng4 {keeps more tension.} Rec8 25. Bg5 Qb7 26. h5) 24... Bxd2 25. Qxd2 Rec8 26. h5 Nc7 27. Kg2 Ne8 28. Ng4 Kh8 (28... h6 $16 {is a better defense.}) 29. Qf4 (29. h6 $18 g6 30. Bd3 Bxd3 31. Qxd3) 29... Bb5 $2 {[%emt 0:00:00] [#]} ({Black should try} 29... h6 $14) 30. Rh1 $2 (30. a4 $1 $18 {[%cal Ra4b5] is the precise move to win.} Bc4 31. Ra3) 30... Ba4 (30... a4 $16 {keeps fighting.} 31. h6 g6) 31. Ne3 (31. Bd3 $18) 31... R6c7 32. Bd3 {[%emt 0:00:17] White is more active.} Qd7 $2 (32... h6 $16 {was called for.} 33. g4 Nh7) 33. Rae1 Bb5 34. Bb1 Ba4 35. g4 Qb5 (35... Rb8 $142 36. h6 g6) 36. g5 $18 Kg8 {[%emt 0:00:00] [#]} (36... Qd7 $142 37. Nh2 Qd8) 37. g6 $1 h6 {[%emt 0:00:00] [#] Prevents Ng5.} 38. Ng4 $1 {[%emt 0:00:27][%cal Og4h6] aiming for Nxh6+!} Bc2 $2 (38... Qd7 39. gxf7+ Qxf7) 39. Bxc2 Rxc2 40. Qxf7+ {[%emt 0:00:01] Weighted Error Value: White=0.30/Black=0.78.  Loses game:     	---       	Black=2      Mistake:       	White=3     	Black=7      Inaccurate:     	White=2     	Black=3      OK:         	White=4     	Black=7      Best:        	White=1     	---        Strong:       	White=1     	---} 1-0

[Event "50th La Roda Open 2024"]
[Site "La Roda"]
[Date "2024.03.28"]
[Round "3.6"]
[White "Newrkla, Katharina"]
[Black "Peralta, Fernando"]
[Result "0-1"]
[ECO "C10"]
[WhiteElo "2213"]
[BlackElo "2580"]
[Annotator "TA"]
[PlyCount "100"]
[EventDate "2024.03.27"]
[EventType "swiss"]
[EventCountry "ESP"]
[SourceTitle "playchess.com"]
[Source "ChessBase"]
[SourceQuality "1"]
[TimeControl "5400+30"]

1. e4 e6 2. d4 d5 3. Nc3 Nf6 4. Bg5 dxe4 5. Nxe4 Nbd7 6. Nf3 h6 7. Nxf6+ Nxf6 8. Be3 Bd6 {[%emt 0:00:36] C10: French with 3 Nc3: Unusual Black 3rd moves and 3...dxe4.} 9. Bd3 b6 10. Qe2 O-O 11. O-O-O Bb7 12. Ne5 (12. Rhg1 {simplifies} Nd5 13. Bd2 Nf4 14. Bxf4 Bxf4+ 15. Kb1) 12... Nd5 13. Bd2 Qh4 $1 14. g4 Nb4 15. Be4 Bxe4 16. Qxe4 a5 17. a3 Nd5 $146 ({Predecessor:} 17... Bxe5 18. dxe5 Nd5 19. Rhg1 b5 20. f3 Nb6 21. g5 Qxe4 22. fxe4 h5 23. b3 Kh7 {1-0 Wernitz,H (1853)-Obukhov,G (1816) SC-2019-0-00369 2018}) 18. Rhg1 b5 (18... Qxh2 19. g5 Bxe5 (19... Qxf2 $2 20. Rdf1 $18) 20. gxh6 $18) (18... Qxf2 $2 19. Nf3 Bxh2 20. Rh1 $18) 19. Nf3 Qf6 (19... Qxf2 $2 20. Rdf1 (20. g5 Bxh2 21. Nxh2 hxg5 $18) 20... Nf6 21. Qd3 $18) 20. g5 Qg6 21. Rde1 Qxe4 22. Rxe4 h5 23. g6 (23. Ne5 $15) 23... fxg6 $17 24. Ng5 Bxh2 ({Don't play} 24... Rxf2 25. Nxe6 b4 (25... Bxh2 26. Rxg6 Re8 27. Rxg7+ Kh8 28. Rg6 $15) (25... Rxh2 $2 26. Ree1 $19) 26. a4 (26. Rxg6 $2 bxa3 27. Rxg7+ Kh8 $19)) 25. Rg2 Bd6 26. Nxe6 Rf6 27. Bg5 Kf7 28. Bxf6 gxf6 29. Nc5 g5 30. Rg1 h4 31. Rh1 a4 32. Nd3 (32. Kd2 $17 {keeps fighting.}) 32... Rh8 $19 33. Kd1 (33. Kd2 {is a better defense.}) 33... Bxa3 $19 34. Ke1 $2 (34. Rh3) 34... Bd6 35. Kf1 a3 36. bxa3 Ra8 37. Kg2 (37. f4 $142) 37... Rxa3 $19 38. Ree1 Rc3 39. Rb1 b4 (39... Rxc2 40. Rxb5 Rd2 41. Ne5+ Ke6 (41... fxe5 $2 42. Rxd5 Ke6 43. Ra5 $19) (41... Bxe5 $2 42. dxe5 fxe5 43. Rc1 $17) 42. Nc4 Rxd4 43. Nxd6 cxd6 44. f3 $17) 40. Rb2 Rc4 41. Ra1 Rxd4 42. Ra5 Nf4+ 43. Nxf4 Rxf4 44. Rb3 Rc4 45. Ra2 Kg6 46. Re3 Be5 47. Rd3 Bd6 48. Re3 $1 g4 49. Re8 h3+ 50. Kf1 b3 0-1

[Event "50th La Roda Open 2024"]
[Site "La Roda"]
[Date "2024.03.28"]
[Round "3.7"]
[White "Sonis, Francesco"]
[Black "Dias, Ricardo Pedro Cruz"]
[Result "1-0"]
[ECO "A38"]
[WhiteElo "2562"]
[BlackElo "2216"]
[Annotator "TA"]
[PlyCount "87"]
[EventDate "2024.03.27"]
[EventType "swiss"]
[EventCountry "ESP"]
[SourceTitle "playchess.com"]
[Source "ChessBase"]
[SourceQuality "1"]
[TimeControl "5400+30"]

1. Nf3 Nf6 2. b3 g6 3. Bb2 Bg7 4. g3 c5 5. c4 d6 6. Bg2 e5 7. O-O O-O 8. d3 Nc6 9. Nc3 h6 10. Nd2 Rb8 11. a3 a5 12. Nd5 Nxd5 ({Black should play} 12... Bd7 $11) 13. cxd5 $14 Nd4 14. e3 Nf5 {[%emt 0:02:40] [#]} 15. b4 $1 axb4 (15... Re8 16. Nc4) 16. axb4 h5 17. bxc5 dxc5 18. Nc4 Qe7 (18... Re8 $16 {might work better.}) 19. Qb3 (19. Nb6 $18 {and White stays clearly on top.}) 19... b5 (19... b6 $142) 20. Na5 $16 {[%emt 0:00:00] Nc6 is the strong threat. White is more active.} Bd7 21. Qc2 Qd6 {[%emt 0:00:00] [#]} (21... Rfe8 $16 22. Nc6 Bxc6 23. dxc6 h4) 22. Rfc1 $1 $18 Rfc8 23. Nc6 {[%emt 0:00:00] Repels Ne7} Bxc6 24. dxc6 Bf8 {[%emt 0:00:00] [#]} 25. Ra7 $1 Qe6 (25... Rxc6 $142 26. Bxe5 Qxe5) 26. Qc3 (26. c7 $142 Rb6 27. Bh3) 26... Bd6 (26... Re8 {keeps fighting.} 27. Qa5 Rbc8) 27. Qa5 {[%emt 0:00:00] And now c7 would win.} Qb3 28. Ba1 $40 {[%emt 0:00:00][%mdl 128] White goes for the king.} (28. Qa1 $142) 28... Qxd3 $2 (28... Rf8 {was worth a try.} 29. c7 Rbc8) 29. c7 Bxc7 30. Rxc7 Nxe3 (30... Qd6 $142) 31. Rxc8+ (31. Qa7 $142 {[%cal Oc7f7] White threatens Rxf7! and mate.} Qd2 32. Rf1 (32. R1xc5 $2 Qe1+) (32. Qxc5 Rxc7 33. Qxc7 Re8 $18)) 31... Rxc8 32. Qe1 (32. fxe3 Qxe3+ 33. Kf1 Qxc1+ $19) 32... Nc2 {[%emt 0:03:30] [#]} ({Avoid the trap} 32... Nxg2 $2 33. Qxe5 (33. Kxg2 Qd5+ 34. Kg1 f6 $16) 33... Kf8 34. Qh8+ (34. Kxg2 Qf5 $18) 34... Ke7 35. Qxc8 $18) (32... Nc4 {was necessary.} 33. Bf1 (33. Bxe5 Re8 $16) 33... Qd5 34. Bxc4 bxc4 35. Qxe5 (35. Bxe5 Re8 $15) 35... Qxe5 36. Bxe5 Re8) 33. Rxc2 $1 Qxc2 34. Qxe5 Qc1+ 35. Bf1 Qh6 {[%emt 0:00:06] Prevents Qg7+.} 36. Bxb5 c4 {[%emt 0:01:48] Strongly threatening ...Qc1+.} 37. Bc3 Kh7 38. Ba6 {[%emt 0:00:00] This pair of bishops is nice.} Rd8 39. Bxc4 Qf8 40. Kg2 Rd6 $2 {[%emt 0:00:55] [#]} (40... Rd7 41. h4 f5) 41. Bxf7 $1 {[%emt 0:00:00][%mdl 512] White wants to mate with Bd5.} Rd3 {[%emt 0:00:27] [#]} (41... Rc6 42. Bd5) 42. Bxg6+ $1 {[%emt 0:00:00] White mates.} Kxg6 43. Qe6+ Kg5 44. h4# {[%emt 0:00:00] Weighted Error Value: White=0.43/Black=0.62.  Mistake:       	White=4     	Black=10     Inaccurate:     	---       	Black=1      OK:         	White=11    	Black=9      Best:        	White=3     	Black=1      Strong:       	White=1     	---        Brilliant:      	White=2     	---} 1-0

[Event "50th La Roda Open 2024"]
[Site "La Roda"]
[Date "2024.03.28"]
[Round "3.8"]
[White "Jimenez Martinez, Jose Vicente"]
[Black "Siddharth, Jagadeesh"]
[Result "0-1"]
[ECO "A41"]
[WhiteElo "2195"]
[BlackElo "2490"]
[Annotator "TA"]
[PlyCount "68"]
[EventDate "2024.03.27"]
[EventType "swiss"]
[EventCountry "ESP"]
[SourceTitle "playchess.com"]
[Source "ChessBase"]
[SourceQuality "1"]
[TimeControl "5400+30"]

1. d4 d6 2. c4 e5 3. d5 Be7 4. Nc3 Bg5 5. e4 Bxc1 6. Qxc1 Nh6 7. Bd3 O-O 8. Nge2 {[%emt 0:04:31] The position is equal.} Na6 9. Qd2 f5 10. f3 Qh4+ 11. g3 Qh5 12. O-O Nc5 13. b4 Nxd3 (13... fxe4 {with more complications.} 14. Nxe4 Nxe4 15. Bxe4 Bh3) 14. Qxd3 a5 15. bxa5 (15. b5 $15) 15... Rxa5 16. Nb5 (16. a4 $15 {should be considered.}) 16... fxe4 $17 17. Qxe4 Bh3 18. Rf2 Qf7 19. Qe3 Ra4 20. c5 Ra5 (20... Qxd5 21. Nbc3 (21. Nxc7 Qxc5 22. Qxc5 dxc5 $17) 21... Qc6 22. Nxa4 Qxa4 23. Qd3 $11) 21. Nec3 Bd7 22. a4 Nf5 23. Qe4 Nd4 24. Nxd4 exd4 25. Qxd4 Rxc5 26. Re1 c6 27. dxc6 Bxc6 28. Ne4 Rd5 29. Qb4 Qg6 30. Qc4 Kh8 31. Re3 h5 32. h4 Re5 {[%emt 0:02:44] ...d5 is the strong threat.} 33. Kg2 $2 {[%emt 0:00:40][%mdl 8192] [#]} (33. Qd3 $11) 33... d5 $1 $19 34. Qd4 Rfe8 {[%emt 0:00:01] Weighted Error Value: White=0.38/Black=0.10 (very precise) .  Loses game:     	White=1     	---        Mistake:       	White=2     	---        Inaccurate:     	White=2     	Black=5      OK:         	White=9     	Black=13     Best:        	---       	Black=1      Strong:       	---       	Black=1} 0-1

[Event "50th La Roda Open 2024"]
[Site "La Roda"]
[Date "2024.03.28"]
[Round "3.9"]
[White "Elias Reyes, Jorge Roberto"]
[Black "Tudela Corbalan, Carlos"]
[Result "1-0"]
[ECO "B06"]
[WhiteElo "2473"]
[BlackElo "2195"]
[Annotator "TA"]
[PlyCount "37"]
[EventDate "2024.03.27"]
[EventType "swiss"]
[EventCountry "ESP"]
[SourceTitle "playchess.com"]
[Source "ChessBase"]
[SourceQuality "1"]
[TimeControl "5400+30"]

1. e4 g6 2. d4 Bg7 3. Nc3 d6 4. Be3 Nd7 5. Qd2 a6 6. h4 Ngf6 7. O-O-O {[%emt 0:00:06][%cal Oe4e5] White is more active.} e5 8. Nf3 {[%emt 0:03:02][%cal Bg1f3,Bf3h4,Bh4f5][%mdl 32] White is better.} Qe7 (8... exd4 $16 {was called for.} 9. Nxd4 (9. Bxd4 b5 $14) 9... h5) 9. dxe5 (9. h5 $18 exd4 10. Bxd4 (10. Nxd4 Nxe4 11. Nxe4 Qxe4 $16)) 9... dxe5 {[%emt 0:02:44] [#]} (9... Nxe5 $16 10. Nxe5 dxe5) 10. h5 $1 $18 {[%emt 0:03:47][%mdl 512] Strongly threatening h6.} gxh5 (10... Qd6 11. Qxd6) 11. Nh4 {[%emt 0:02:14] Threatens to win with Nf5.} Bf8 $2 (11... Nf8 {might work better.} 12. Bc5 Qd7) 12. Nf5 Qe6 13. Bg5 c6 $2 {[%emt 0:08:17] [#]} (13... b5 14. Bxf6 Qxf6) 14. Bc4 $1 {[%emt 0:05:28][%mdl 512] White is clearly winning.} Qxc4 15. Bxf6 Rg8 {[%emt 0:01:50] [#]} 16. Bxe5 $1 b5 (16... Rg6 17. Bd6) 17. Bd6 {[%emt 0:08:43] aiming for Bxf8.} b4 {[%emt 0:04:19] Black is weak on the dark squares} 18. Bxf8 bxc3 19. Qd6 {[%emt 0:00:48] White took control after the opening.   Weighted Error Value: White=0.32/Black=0.77.  Mistake:       	White=1     	Black=4      Inaccurate:     	---       	Black=1      OK:         	White=6     	Black=3      Brilliant:      	White=1     	---} 1-0

[Event "50th La Roda Open 2024"]
[Site "La Roda"]
[Date "2024.03.28"]
[Round "3.10"]
[White "Martinez Ramirez, Lennis"]
[Black "Romero Berruezo, Francisco"]
[Result "1-0"]
[ECO "D45"]
[WhiteElo "2450"]
[BlackElo "2194"]
[Annotator "TA"]
[PlyCount "123"]
[EventDate "2024.03.27"]
[EventType "swiss"]
[EventCountry "ESP"]
[SourceTitle "playchess.com"]
[Source "ChessBase"]
[SourceQuality "1"]
[TimeControl "5400+30"]

1. Nf3 d5 2. c4 c6 3. e3 Nf6 4. Nc3 e6 5. d4 Nbd7 6. Qc2 Bd6 7. e4 dxe4 8. Nxe4 Nxe4 9. Qxe4 Bb4+ 10. Bd2 Bxd2+ 11. Nxd2 Nf6 (11... O-O $11) 12. Qe5 O-O 13. Be2 {[%emt 0:00:00] Wards off Ng4} b6 {[%emt 0:02:44] The position is equal.} 14. Bf3 Bb7 15. O-O Qe7 16. c5 bxc5 17. dxc5 Rfd8 18. Rfd1 Nd5 19. Ne4 $36 {[%emt 0:00:00][%mdl 2048] White is in control.} Ba6 20. a3 {[%emt 0:00:00] White is more active.} Bb5 (20... Bc4 $16) 21. Nd6 $18 {[%emt 0:00:00] [#] Nxb5 is the strong threat.} f6 22. Qe1 Rxd6 23. cxd6 Qxd6 24. Qa5 {[%emt 0:00:00] Dodges Ba4} Qd8 25. Qxd8+ Rxd8 26. a4 Ba6 27. Rac1 Bb7 28. b4 a6 29. Bxd5 exd5 {[%emt 0:00:41][%mdl 4096] Endgame. KRR-KRB} 30. Rc5 Rd7 31. f3 Kf7 32. Re1 Kf8 33. Kf2 Kf7 34. Re3 Re7 35. b5 ({Resist} 35. Rxe7+ Kxe7 36. g4 Kd6 $18) 35... axb5 36. axb5 Rc7 37. Ke2 Rc8 38. Rec3 Ke6 39. Ke3 Kd6 40. Kd4 Rc7 41. h4 f5 $2 (41... h5 {was necessary.} 42. Rc2 Rc8 43. bxc6 Bxc6 44. Rxd5+ Ke7 45. Re2+ (45. Rxh5 Bxf3 46. Rxc8 Bxh5 $16) 45... Kf7 46. Rxh5 Rd8+ 47. Ke3 Kg8) 42. h5 f4 43. Rc1 Rc8 44. bxc6 Bxc6 {[%emt 0:01:18] [#]} 45. Rxd5+ $3 Ke6 46. Re1+ Kf7 47. Rf5+ Kg8 48. Rxf4 Be8 49. Re5 Bf7 50. Ke3 Rc7 (50... Rc3+ $142 51. Kf2 Rc2+ 52. Kg3 Rc7) 51. g4 Rc3+ 52. Kf2 {[%emt 0:00:00] Re7 would now be deadly.} Rc2+ 53. Kg3 Rc7 {[%emt 0:00:19] Prevents Re7} 54. Ra5 {[%emt 0:00:00] White threatens Ra8+ and mate.} h6 55. Ra8+ Kh7 56. Rd4 g6 57. hxg6+ Kxg6 58. Rd6+ Kg7 59. Rad8 Rc5 60. Kh4 h5 61. g5 {[%emt 0:00:00] R8d7 would kill now.} Rf5 62. R8d7 {[%emt 0:00:00] White took control after the opening.   Weighted Error Value: White=0.14 (very precise) /Black=0.39.  Mistake:       	---       	Black=3      Inaccurate:     	---       	Black=7      OK:         	White=22    	Black=10     Best:        	White=2     	Black=2} 1-0

[Event "50th La Roda Open 2024"]
[Site "La Roda"]
[Date "2024.03.28"]
[Round "3.11"]
[White "Cruz Lledo, Pablo"]
[Black "Bustos Bernardo, Samuel"]
[Result "0-1"]
[ECO "D35"]
[WhiteElo "2353"]
[BlackElo "2188"]
[Annotator "RC"]
[PlyCount "108"]
[EventDate "2024.03.27"]
[EventType "swiss"]
[EventCountry "ESP"]
[SourceTitle "playchess.com"]
[Source "ChessBase"]
[SourceQuality "1"]
[TimeControl "5400+30"]

1. d4 Nf6 2. c4 e6 3. Nf3 d5 4. cxd5 exd5 5. Nc3 c6 6. Bg5 Be7 7. e3 Bf5 8. Bd3 Bxd3 9. Qxd3 Nbd7 10. O-O h6 11. Bh4 O-O 12. Nd2 Nh5 13. Bxe7 Qxe7 14. b4 b5 15. a4 a6 16. Rfb1 Nb6 17. a5 Nc4 18. Nb3 f5 19. Nc5 f4 20. Re1 f3 21. Qg6 Qh4 22. g3 Qh3 23. Qe6+ Qxe6 24. Nxe6 Rf6 25. Nc5 Rd6 26. Na2 Nf6 27. Nc1 g5 28. N1d3 Kg7 29. Ne5 g4 30. Rac1 h5 31. h3 Ra7 32. Rc2 Kh6 33. Kh2 Kg5 34. Rh1 Kf5 35. hxg4+ hxg4 36. Nxc4 bxc4 37. Kg1 Rd8 38. Rb2 Re8 39. Kf1 Ree7 40. Ke1 Rh7 41. Rf1 Ne4 42. Nxe4 Kxe4 43. Kd2 Rh2 44. Kc3 Rah7 45. Kd2 R7h3 46. Kc3 Rxg3 47. fxg3 Rxb2 48. Kxb2 Kxe3 49. Re1+ Kd2 50. Re6 c3+ 51. Kb3 c2 52. Rxc6 c1=Q 53. Rxc1 Kxc1 54. b5 f2 0-1

[Event "50th La Roda Open 2024"]
[Site "La Roda"]
[Date "2024.03.28"]
[Round "3.12"]
[White "Horcajuelo Rocamora, Martin"]
[Black "Martinez Reyes, Pedro Ramon"]
[Result "0-1"]
[ECO "D52"]
[WhiteElo "2183"]
[BlackElo "2332"]
[Annotator "RC"]
[PlyCount "98"]
[EventDate "2024.03.27"]
[EventType "swiss"]
[EventCountry "ESP"]
[SourceTitle "playchess.com"]
[Source "ChessBase"]
[SourceQuality "1"]
[TimeControl "5400+30"]

1. d4 d5 2. c4 c6 3. Nc3 Nf6 4. Nf3 e6 5. Bg5 Nbd7 6. e3 Qa5 7. Nd2 Bb4 8. Qc2 h6 9. Bh4 c5 10. dxc5 O-O 11. a3 Bxc3 12. Qxc3 Qxc3 13. bxc3 Nxc5 14. cxd5 Nxd5 15. e4 g5 16. Bg3 Nf4 17. Bxf4 gxf4 18. f3 Rd8 19. Bc4 Bd7 20. Rb1 Rac8 21. Ke2 Na4 22. Rxb7 Nxc3+ 23. Ke1 Ba4 24. Rg1 Bb5 25. Bb3 a6 26. a4 Nxa4 27. Bxa4 Bxa4 28. Rb2 Bb5 29. g3 fxg3 30. hxg3 Rd3 31. Kf2 Rcc3 32. g4 Kg7 33. Rg3 e5 34. Rh3 Rc1 35. Kg2 Rd1 36. Nf1 Rxf1 37. Rxb5 Rfxf3 38. Rxf3 Rd2+ 39. Kg3 axb5 40. Rb3 Rd4 41. Rxb5 Rxe4 42. Rb6 f6 43. Rb7+ Kg6 44. Rb8 h5 45. gxh5+ Kxh5 46. Rg8 Ra4 47. Kf3 f5 48. Ke3 Ra3+ 49. Kf2 e4 0-1

[Event "50th La Roda Open 2024"]
[Site "La Roda"]
[Date "2024.03.28"]
[Round "3.13"]
[White "Buendia Pinar, Alvaro"]
[Black "Santos, Antonio P"]
[Result "1-0"]
[ECO "D15"]
[WhiteElo "2331"]
[BlackElo "2165"]
[Annotator "RC"]
[PlyCount "77"]
[EventDate "2024.03.27"]
[EventType "swiss"]
[EventCountry "ESP"]
[SourceTitle "playchess.com"]
[Source "ChessBase"]
[SourceQuality "1"]
[TimeControl "5400+30"]

1. d4 d5 2. c4 c6 3. Nc3 Nf6 4. Nf3 a6 5. e3 b5 6. b3 Bg4 7. h3 Bxf3 8. gxf3 e6 9. Rg1 g6 10. Bd3 Bg7 11. Bb2 O-O 12. f4 bxc4 13. bxc4 Nbd7 14. cxd5 Nxd5 15. Nxd5 exd5 16. Kf1 c5 17. Be2 c4 18. Bf3 Nf6 19. Bc3 Re8 20. Rb1 Qd7 21. Kg2 h5 22. Kh2 Rab8 23. Qc2 Rb5 24. Rg2 Kh7 25. Rbg1 Bh6 26. Rxg6 Ne4 27. Bxe4 dxe4 28. R6g3 Qd5 29. Qe2 Qe6 30. Qf1 f6 31. Rg6 Rbb8 32. d5 Qxd5 33. Rxf6 Rg8 34. Qd1 Qxd1 35. Rxd1 Rbd8 36. Rxd8 Rxd8 37. Rc6 Bg7 38. Rc7 Rg8 39. Kg1 1-0